 Dungeon Crawl Stone Soup version 0.28.0-43-g3370ac3207 (webtiles) character file.

Game seed: 14519347803998489567

9500 pkoi the Stormcaller (level 11, -5/85 HPs)
             Began as a Pale Draconian Air Elementalist on Mar 10, 2022.
             Was a Priest of Sif Muna.
             Collided with a metal wall (16 damage)
             ... caused by a wretched star
             ... on level 1 of the Abyss.
             The game lasted 00:23:17 (17642 turns).

pkoi the Stormcaller (DrAE)                        Turns: 17642, Time: 00:23:19

Health: -5/85      AC: 10    Str:  7    XL:     11   Next: 23%
Magic:  18/30      EV: 13    Int: 25    God:    Sif Muna [***...]
Gold:   302        SH:  0    Dex: 12    Spells: 12/23 levels left

rFire   . . .      SeeInvis .   q - +1 rapier (speed)
rCold   . . .      Faith    .   (no shield)
rNeg    . . .      Spirit   .   (armour unavailable)
rPois   .          Reflect  .   (helmet restricted)
rElec   .          Harm     .   (no cloak)
rCorr   .          Rampage  .   y - +2 pair of gloves
Will    .....                   (no boots)
Stlth   +++.......              (no amulet)
HPRegen 0.24/turn               f - ring of magical power
MPRegen 0.22/turn               v - +6 ring of intelligence

@: unable to read
A: breathe steam, AC +7, unfitting armour, cold-blooded, steam resistance, [weak
2], [inability to read while threatened]
a: Breathe Steam, Renounce Religion, Channel Magic, Forget Spell


You were on level 1 of the Abyss.
You worshipped Sif Muna.
Sif Muna was most pleased with you.
You visited 2 branches of the dungeon, and saw 11 of its levels.
You visited the Abyss 1 time.

You collected 588 gold pieces.
You spent 286 gold pieces at shops.

Inventory:

Hand Weapons
 g - a +4 great sword
 m - a +4 shortbow
 q - a +1 rapier of speed (weapon)
Missiles
 o - 114 arrows
Armour
 y - a +2 pair of gloves (worn)
Jewellery
 f - a ring of magical power (left hand)
 j - the ring of Jealousy {Fire rN+}
   (You found it on level 4 of the Dungeon)

   [ring of fire]

   It enhances your fire magic.
   rF:        It protects you from fire.
   rC:        It makes you vulnerable to cold.
   rN:        It protects you from negative energy.
 n - a ring of poison resistance
 s - a +4 ring of evasion
 u - a ring of resist corrosion
 v - a +6 ring of intelligence (right hand)
 w - the ring of the Devil's Team {Fire +Blink Str+8}
   (You found it on level 6 of the Dungeon)

   [ring of fire]

   It enhances your fire magic.
   Str:       It affects your strength (+8).
   rF:        It protects you from fire.
   rC:        It makes you vulnerable to cold.
   +Blink:    It lets you blink.
Wands
 r - a wand of flame (35)
 t - a wand of acid (3)
Scrolls
 e - 4 scrolls of fog
 h - 2 scrolls of teleportation
 i - a scroll of fear
 l - 6 scrolls of identify
 p - a scroll of enchant armour
Potions
 a - a potion of might
 b - 3 potions of curing
 c - a potion of invisibility {unknown}
 k - 2 potions of heal wounds
 x - 2 potions of haste
 z - a potion of magic
 A - a potion of mutation


   Skills:
 + Level 4.9 Fighting
 + Level 4.4 Dodging
 + Level 4.7 Stealth
 + Level 6.9 Spellcasting
 - Level 1.0 Conjurations
 - Level 3.0 Ice Magic
 + Level 15.1 Air Magic


You had 12 spell levels left.
You knew the following spells:

 Your Spells              Type           Power      Damage    Failure   Level
a - Shock                 Conj/Air       100%       1d9       1%          1
b - Airstrike             Air            35%        N/A       1%          4
c - Swiftness             Air            71%        N/A       1%          3
d - Frozen Ramparts       Ice            46%        1d6       6%          3

Your spell library contained the following spells:

 Spells                   Type           Power      Damage    Failure   Level
 Freeze                   Ice            92%        1d10      1%          1
 Corpse Rot               Necr/Air       92%        N/A       1%          2
 Static Discharge         Conj/Air       48%        N/A       1%          2
 Silence                  Hex/Air        23%        N/A       9%          5
 Dazzling Flash           Conj/Hex       22%        N/A       17%         3
 Confusing Touch          Hex            8%         N/A       21%         3
 Hailstorm                Conj/Ice       18%        3d6       30%         4
 Ice Form                 Ice/Tmut       16%        N/A       36%         4
 Summon Ice Beast         Ice/Summ       16%        N/A       36%         4
 Dispel Undead            Necr           8%         3d8       56%         4
 Agony                    Necr           8%         N/A       88%         5
 Yara's Violent Unravell  Hex/Tmut       4%         3d4       88%         5
 Death Channel            Necr           4%         N/A       100%        6
 Enfeeble                 Hex            4%         N/A       100%        7


Dungeon Overview and Level Annotations

Branches:
Dungeon (10/15)            Temple (1/1) D:4             Orc (0/2) D:9
   Lair: D:8-11

Altars:
Ashenzari
Cheibriados
Dithmenos
Elyvilon
Fedhas
Gozag
Hepliaklqana
Kikubaaqudgha
Makhleb
Nemelex Xobeh
Okawaru
Qazlal
Ru
Sif Muna
Trog
Uskayaw
Vehumet
Wu Jian
Xom
Yredelemnul
Zin
The Shining One
Lugonu

Shops:
D:5 (   D:7 !*   D:8 [

Portals:
Abyss: D:6

Annotations:
D:10 Erolcha


Innate Abilities, Weirdness & Mutations

You can breathe blasts of scalding, opaque steam.
Your pale cyan-grey scales are hard. (AC +7)
You cannot fit into any form of body armour.
You are cold-blooded and may be slowed by cold attacks.
You are immune to the effects of steam.
[You are very weak. (Str -4)]
[You sometimes lose the ability to read scrolls when taking damage.]


Message History

Your quasit barely misses the large abomination.
Your quasit claws the large abomination but does no damage.
The large abomination completely misses you.
Blink to where?
Press: ? - help, Dir - move target A neqoxec comes into view.
As you read the scroll labelled GESEZI WOENUHO, it crumbles to dust.
It was a scroll of blinking.
The wretched star glows turbulently.
The lance of force hits you!!
* * * LOW HITPOINT WARNING * * *
You are knocked back by the lance of force.
You slam into the rock wall!
* * * LOW HITPOINT WARNING * * *
The wretched star pulses with an eldritch light!
You lose the ability to read scrolls when threatened.
The wretched star pulses with an eldritch light!
You feel weaker. x2
The wretched star pulses with an eldritch light!
The wretched star glows turbulently.
The lance of force hits you!
You feel threatened and lose the ability to read scrolls!
* * * LOW HITPOINT WARNING * * *
You are knocked back by the lance of force.
You slam into the metal wall!
* * * LOW HITPOINT WARNING * * *
You feel much better.
The wretched star glows turbulently.
The lance of force hits you!
* * * LOW HITPOINT WARNING * * *
You are knocked back by the lance of force.
You slam into the metal wall!
* * * LOW HITPOINT WARNING * * *
You feel much better.
The wretched star glows turbulently.
The lance of force hits you!!
* * * LOW HITPOINT WARNING * * *
You are knocked back by the lance of force.
You slam into the metal wall!
You die...

.. #.
#.*#.. # #
#.
##..###.##
... ## ##
... .##
#*..
..####
#..##. #
..##
##..####..
# ##
####*.# ..
. ##..#..#
.. .
#@####....
#. ###
##..##..
.# #*#.. .
##.. . # .


You could see a wretched star.

Vanquished Creatures
  A green death (Abyss:1)
  A two-headed ogre (D:9)
  A death knight (D:9)
  Urug (D:10)
  Maggie (D:10)
  A komodo dragon (D:10)
  A troll (D:9)
  Grinder (D:5)
  A harpy skeleton (Abyss:1)
  A hornet (D:9)
  A wraith (D:10)
  A wyvern (D:10)
  12 yaks
  Grum (D:8)
  2 steam dragons (D:9)
  3 water moccasins
  An acid dragon (D:10)
  Duvessa (D:5)
  A small abomination (Abyss:1)
  A black bear (D:5)
  7 orc warriors
  3 wolves (D:8)
  4 ogres
  4 centaurs
  A phantom (D:6)
  3 kobold brigands
  A bullfrog (D:6)
  2 scorpions
  A water moccasin zombie (D:5)
  Dowan (D:5)
  A water moccasin skeleton (D:5)
  4 killer bees
  3 wights
  A howler monkey (D:3)
  2 centaur zombies
  A hound (D:4)
  2 jellies
  5 orc priests
  A gnoll shaman (D:6)
  An iron imp (Abyss:1)
  5 iguanas
  11 orc wizards
  A killer bee zombie (D:6)
  A hound zombie (D:5)
  A hound skeleton (D:4)
  5 gnolls (D:6)
  2 howler monkey skeletons
  7 adders
  A shadow imp (D:5)
  2 white imps
  An ufetubus (D:5)
  A dart slug (D:2)
  39 orcs
  7 endoplasms
  4 giant cockroaches
  11 goblins
  9 hobgoblins
  4 quokkas
  5 ball pythons
  7 bats
  9 frilled lizards
  20 kobolds
  6 rats
  A spectral kobold (D:1)
  2 lurking horrors (D:6)
244 creatures vanquished.

Vanquished Creatures (others)
  An orc (D:4)
  28 fungi (D:10)
  26 plants
55 creatures vanquished.

Grand Total: 299 creatures vanquished

Notes
Turn   | Place    | Note
-------+----------+-------------------------------------------
     0 | D:1      | pkoi the Draconian Air Elementalist began the quest for the
                  | Orb.
     0 | D:1      | Reached XP level 1. HP: 14/14 MP: 3/3
   240 | D:1      | Reached XP level 2. HP: 20/20 MP: 0/5
   525 | D:1      | Found a faded altar of an unknown god.
   649 | D:1      | Reached skill level 4 in Air Magic
   989 | D:1      | Reached XP level 3. HP: 26/26 MP: 3/6
  2503 | D:3      | Reached XP level 4. HP: 33/33 MP: 2/7
  2719 | D:3      | Reached skill level 5 in Air Magic
  3099 | D:3      | Learned a level 4 spell: Airstrike
  3768 | D:4      | Noticed a scorpion
  4039 | D:3      | Reached XP level 5. HP: 38/38 MP: 4/8
  4108 | D:4      | Reached skill level 6 in Air Magic
  4158 | D:4      | Learned a level 3 spell: Swiftness
  4420 | D:3      | Reached XP level 6. HP: 29/45 MP: 1/10
  5086 | D:4      | Identified the ring of Jealousy {Fire rN+}
  5162 | D:4      | Found a staircase to the Ecumenical Temple.
  5274 | Temple   | Entered the Ecumenical Temple
  5680 | Temple   | Became a worshipper of Sif Muna the Loreminder
  5939 | D:5      | Entered Level 5 of the Dungeon
  6048 | D:5      | Reached skill level 7 in Air Magic
  6252 | D:5      | Noticed Duvessa
  6252 | D:5      | Noticed Dowan
  6289 | D:5      | Your scales start taking on a pale cyan-grey colour.
  6289 | D:5      | Reached skill level 8 in Air Magic
  6289 | D:5      | Reached XP level 7. HP: 47/50 MP: 12/12
  6289 | D:5      | Gained mutation: You are immune to the effects of steam.
                  | [Pale Draconian growth]
  6307 | D:5      | Learned a level 3 spell: Frozen Ramparts
  6542 | D:5      | Noticed Grinder
  6542 | D:5      | Paralysed by Grinder for 2 turns
  6560 | D:5      | Paralysed by Grinder for 2 turns
  6562 | D:5      | Killed Grinder
  6563 | D:5      | Reached skill level 1 in Ice Magic
  6675 | D:5      | Reached skill level 9 in Air Magic
  7146 | D:5      | Reached XP level 8. HP: 20/57 MP: 14/14
  7710 | D:5      | Found Enoa's Weapon Emporium.
  7899 | D:5      | Killed Duvessa
  7907 | D:5      | Killed Dowan
  8453 | D:6      | Found a corrupted altar of Lugonu.
  8453 | D:6      | Found a one-way gate to the infinite horrors of the Abyss.
  8614 | D:6      | Reached skill level 5 in Spellcasting
  8634 | D:6      | Reached skill level 10 in Air Magic
  9170 | D:6      | Reached * piety under Sif Muna
  9707 | D:6      | Identified the ring of the Devil's Team {Fire +Blink Str+8}
 10302 | D:6      | Reached XP level 9. HP: 63/63 MP: 17/17
 10369 | D:6      | Reached skill level 1 in Fighting
 10492 | D:7      | Reached skill level 11 in Air Magic
 11484 | D:7      | Found Rumois's Assorted Antiques.
 11839 | D:7      | Found Veamiw's Distillery.
 11846 | D:7      | Bought a potion of haste for 110 gold pieces
 11846 | D:7      | Bought a potion of magic for 88 gold pieces
 11846 | D:7      | Bought a potion of mutation for 88 gold pieces
 12168 | D:8      | Found Ujuehing's Armour Shop.
 12289 | D:8      | Noticed Grum
 12414 | D:8      | Reached skill level 12 in Air Magic
 12464 | D:8      | Killed Grum
 12698 | D:8      | Reached ** piety under Sif Muna
 13189 | D:8      | Reached skill level 13 in Air Magic
 13331 | D:8      | Reached XP level 10. HP: 77/77 MP: 11/19
 13936 | D:9      | Noticed a two-headed ogre
 13941 | D:9      | Killed a two-headed ogre
 13942 | D:9      | Reached skill level 14 in Air Magic
 14374 | D:9      | Found a staircase to the Orcish Mines.
 14500 | D:9      | Noticed a death knight
 14818 | D:9      | Noticed a faun
 15049 | D:9      | Killed a death knight
 15675 | D:10     | Entered Level 10 of the Dungeon
 15675 | D:10     | Found an opulent altar of Gozag.
 15684 | D:9      | Reached *** piety under Sif Muna
 16184 | D:10     | Noticed Urug
 16189 | D:10     | Killed Urug
 16190 | D:10     | Reached XP level 11. HP: 85/85 MP: 9/20
 16445 | D:10     | Reached skill level 15 in Air Magic
 16730 | D:10     | Noticed Maggie
 16735 | D:10     | Killed Maggie
 17233 | D:10     | Noticed Erolcha
 17271 | D:10     | Paralysed by something for 5 turns
 17275 | D:10     | Cast into level 1 of the Abyss (Erolcha)
 17303 | Abyss:1  | Noticed a starcursed mass
 17522 | Abyss:1  | Noticed a green death
 17527 | Abyss:1  | Killed a green death
 17592 | Abyss:1  | Noticed a wretched star
 17613 | Abyss:1  | Noticed a wretched star
 17640 | Abyss:1  | HP: 3/85 [metal wall collision (6)]
 17642 | Abyss:1  | Collided with a metal wall

Illustrated notes

Levels and vault maps discovered:
D:1:      dpeg_arrival_tiny_a, layout_loops_ring,
          dreamdust_ecumenical_altar_drowned_temple, minmay_lizard_king
D:2:      layout_basic, minmay_misc_feat_encased, minmay_misc_feat_pillars
D:3:      layout_basic, minmay_misc_feat_four_crosses, grunt_decor_resistance,
          minmay_surrounded
D:4:      layout_cave_pools, lemuel_temple_firewalk_b, serial_bayou_pond_c,
          kennysheep_windowed_goal
D:5:      layout_loops_corners, serial_shops, shop_fountains, uniq_grinder,
          uniq_duvessa
D:6:      layout_basic, chequers_garden, amcnicky_altar_lugonu_corruption
D:7:      layout_gridville, serial_shops, shop, nicolae_stop_n_shop_2,
          hangedman_decor_lopped
D:8:      layout_cave_pods, serial_shops, nicolae_shop_trees, special_room
          [special_room_orc], uniq_grum
D:9:      cheibrodos_steamvent, layout_irregular_city, orc_0_dummy, st_stairs_2,
          grunt_tough_drop
D:10:     layout_loops_ring, nicolae_gozag_cash_rules_everything_around_me,
          grunt_lair_entry_orc_guard_hut, uniq_maggie, uniq_urug, uniq_erolcha
Temple:   mainiacjoe_temple_trianglar_array
Abyss:1:  base:
Temple

Skill      XL: |  1  2  3  4  5  6  7  8  9 10 11 |
---------------+----------------------------------+-----
Air Magic      | 4 5 6 8 9 10 13 14 15 | 15.1
Spellcasting   | 3 4 5 6 |  6.9
Ice Magic      | 2 3 |  3.0
Dodging        | 2 3 4 |  4.4
Stealth        | 2 3 4 |  4.7
Fighting       | 3 4 |  4.9
Conjurations   | |  1.0

Action                   |  1- 3 |  4- 6 |  7- 9 | 10-12 || total
-------------------------+-------+-------+-------+-------++-------
Melee: Long sword        |    31 |    22 |     1 |       ||    54
       Tailslap          |     1 |     2 |       |     1 ||     4
       Rapier            |       |       |     1 |    12 ||    13
 Cast: Shock             |    89 |   112 |    44 |       ||   245
       Airstrike         |       |       |   136 |   124 ||   260
 Abil: Breathe Steam     |       |       |     7 |    10 ||    17
  Use: Scroll            |       |    11 |       |     4 ||    15
       Potion            |       |       |       |     5 ||     5
 Stab: Sleeping          |     1 |       |     1 |       ||     2
Armor: Skin              |    14 |    30 |     8 |    17 ||    69
Dodge: Dodged            |    25 |    48 |    24 |    31 ||   128
